MLB
ST. LOUIS CARDINALS @ CHICAGO CUBS
08/12/2098
 
TOP OF THE 1ST
St. Louis Cardinals batting - Pitching for Chicago Cubs : RHP Rodrigo Gonzales
Pitching: RHP Rodrigo Gonzales
Batting: RHB Gabe Vega 0-0: Called Strike
0-1: Ball
1-1: Fly out, F4 (Flyball, 34D, EV 90.6 MPH)
Batting: RHB Ryan Collier 0-0: Ball
1-0: Foul Ball, location: 5SF
1-1: Ground out 6-3 (Groundball, 6, EV 86.9 MPH)
Batting: LHB Jose Nieto 0-0: Ball
1-0: Ball
2-0: Fly out, F9 (Flyball, 9, EV 88.1 MPH)
Top of the 1st over - 0 runs, 0 hits, 0 errors, 0 left on base; St. Louis 0 - Chicago 0
BOTTOM OF THE 1ST
Chicago Cubs batting - Pitching for St. Louis Cardinals : RHP Scott Kocis
Pitching: RHP Scott Kocis
Batting: LHB Brent Griffin 0-0: Fly out, F8 (Flyball, 8LM, EV 84.4 MPH)
Batting: LHB Nick Criswell 0-0: Foul Ball, location: 5F
0-1: SINGLE (Groundball, 34D, EV 105.6 MPH)
Batting: LHB Elijah Fairchild 0-0: Ball
1-0: Swinging Strike
1-1: Foul Ball, location: 9LSF
1-2: Ball
2-2: Ball
3-2: Foul Ball, location: 3DF
3-2: Base on Balls
Nick Criswell to second
Batting: RHB Kevin Luzzo 0-0: Ball
1-0: Foul Ball, location: 2F
1-1: Ball
2-1: SINGLE (Groundball, 5D, EV 101.9 MPH)
Nick Criswell to third
Elijah Fairchild to second
Runner from 3rd tries for Home, SAFE, throw by LF to home
Batting: RHB Amir Shaw 0-0: Foul Ball, location: 3DF
0-1: Ball
1-1: SINGLE (Line Drive, 9LS, EV 102.5 MPH)
Elijah Fairchild to third
Kevin Luzzo to second
Batting: RHB Jaylin Tillman 0-0: Ball
1-0: Ball
2-0: Grounds into double play, 4-6-3 (Groundball, 34D, EV 105.0 MPH)
Bottom of the 1st over - 1 run, 3 hits, 0 errors, 2 left on base; St. Louis 0 - Chicago 1
TOP OF THE 2ND
St. Louis Cardinals batting - Pitching for Chicago Cubs : RHP Rodrigo Gonzales
Batting: SHB Bryan Smolka 0-0: Ball
1-0: Ground out 4-3 (Groundball, 4MD, EV 98.1 MPH)
Batting: LHB Jeremiah Ford 0-0: Ball
1-0: Called Strike
1-1: Foul Ball, location: 5F
1-2: Ball
2-2: Strikes out swinging
Batting: LHB Brandon Corter 0-0: Called Strike
0-1: Ground out U3 (Groundball, 3, EV 79.4 MPH)
Top of the 2nd over - 0 runs, 0 hits, 0 errors, 0 left on base; St. Louis 0 - Chicago 1
BOTTOM OF THE 2ND
Chicago Cubs batting - Pitching for St. Louis Cardinals : RHP Scott Kocis
Batting: RHB Devin Williams 0-0: Called Strike
0-1: Ball
1-1: Fly out, F7 (Flyball, 7D, EV 99.4 MPH)
Batting: RHB Dave Conley 0-0: Ball
1-0: Called Strike
1-1: Ground out 6-3 (Groundball, 6, EV 88.1 MPH)
Batting: RHB Derick Benjamin 0-0: Swinging Strike
0-1: Called Strike
0-2: Foul Ball, location: 25FF
0-2: Ball
1-2: Strikes out swinging
Bottom of the 2nd over - 0 runs, 0 hits, 0 errors, 0 left on base; St. Louis 0 - Chicago 1
TOP OF THE 3RD
St. Louis Cardinals batting - Pitching for Chicago Cubs : RHP Rodrigo Gonzales
Batting: LHB Brett Rinehart 0-0: Called Strike
0-1: Ball
1-1: Ball
2-1: Ball
3-1: Base on Balls
Batting: RHB Brodie Herian 0-0: Ball
Brett Rinehart steals 2nd base
1-0: Ball
2-0: Swinging Strike
2-1: Ball
3-1: Base on Balls
Batting: RHB Jesus Guzman 0-0: Ball
Wild Pitch!
Brett Rinehart to third
Brodie Herian to second
1-0: Called Strike
1-1: Foul Ball, location: 5SF
1-2: Ball
2-2: Foul Ball, location: 5DF
2-2: Foul Ball, location: 2F
2-2: Fly out, F9 (Line Drive, 9S, EV 92.5 MPH)
Batting: RHB Gabe Vega 0-0: Ball
1-0: Called Strike
1-1: Foul Ball, location: 3SF
1-2: Foul Ball, location: 2F
1-2: DOUBLE (Line Drive, 7LS, EV 99.4 MPH)
Brett Rinehart scores
Brodie Herian scores
Batting: RHB Ryan Collier 0-0: Ball
1-0: Swinging Strike
1-1: Foul Ball, location: 2F
1-2: 2-RUN HOME RUN (Flyball, 78XD, EV 103.1 MPH), Distance : 414 ft
Batting: LHB Jose Nieto 0-0: Ball
1-0: Foul Ball, location: 23F
1-1: Ball
2-1: Swinging Strike
2-2: Ball
3-2: Strikes out looking
Batting: SHB Bryan Smolka 0-0: Called Strike
0-1: Called Strike
0-2: Ball
1-2: Ground out 6-3 (Groundball, 6, EV 108.1 MPH)
Top of the 3rd over - 4 runs, 2 hits, 0 errors, 0 left on base; St. Louis 4 - Chicago 1
BOTTOM OF THE 3RD
Chicago Cubs batting - Pitching for St. Louis Cardinals : RHP Scott Kocis
Batting: LHB Brent Griffin 0-0: Ball
1-0: Ball
2-0: Called Strike
2-1: Swinging Strike
2-2: Foul Ball, location: 7LSF
2-2: Ball
3-2: Foul Ball, location: 3F
3-2: Base on Balls
Batting: LHB Nick Criswell 0-0: Ball
1-0: Ball
2-0: DOUBLE (Flyball, 8RXD, EV 94.4 MPH)
Brent Griffin to third
Batting: LHB Elijah Fairchild 0-0: Foul Ball, location: 25F
0-1: Ball
1-1: Called Strike
1-2: Strikes out swinging
Batting: RHB Kevin Luzzo 0-0: Called Strike
0-1: Ball
Wild Pitch!
Brent Griffin scores
Nick Criswell to third
1-1: 2-RUN HOME RUN (Flyball, 7D, EV 100.6 MPH), Distance : 384 ft
Batting: RHB Amir Shaw 0-0: Ball
1-0: Called Strike
1-1: Ground out 6-3 (Groundball, 56, EV 83.1 MPH)
Batting: RHB Jaylin Tillman 0-0: Called Strike
0-1: Ball
1-1: Fly out, F4 (Popup, 13, EV 83.8 MPH)
Bottom of the 3rd over - 3 runs, 2 hits, 0 errors, 0 left on base; St. Louis 4 - Chicago 4
TOP OF THE 4TH
St. Louis Cardinals batting - Pitching for Chicago Cubs : RHP Rodrigo Gonzales
Batting: LHB Jeremiah Ford 0-0: Swinging Strike
0-1: Swinging Strike
0-2: Ball
1-2: SINGLE (Groundball, 4D, EV 94.4 MPH)
Batting: LHB Brandon Corter 0-0: Called Strike
0-1: Foul Ball, location: 7LSF
0-2: Foul Ball, location: 3F
0-2: Ball
1-2: Grounds into double play, 5-4-3 (Groundball, 5L, EV 83.8 MPH)
Batting: LHB Brett Rinehart 0-0: Called Strike
0-1: Ball
1-1: Ball
2-1: Swinging Strike
2-2: Ground out 6-3 (Groundball, 6M, EV 101.9 MPH)
Top of the 4th over - 0 runs, 1 hit, 0 errors, 0 left on base; St. Louis 4 - Chicago 4
BOTTOM OF THE 4TH
Chicago Cubs batting - Pitching for St. Louis Cardinals : RHP Scott Kocis
Batting: RHB Devin Williams 0-0: Ball
1-0: Foul Ball, location: 9LDF
1-1: DOUBLE (Line Drive, 8LXD, EV 98.1 MPH)
Batting: RHB Dave Conley 0-0: Ball
1-0: Ground out 2-3 (Groundball, 2L, EV 71.9 MPH)
Batting: RHB Derick Benjamin 0-0: Ball
1-0: Ball
2-0: Foul Ball, location: 3F
2-1: Foul Ball, location: 2F
2-2: Ball
3-2: Foul Ball, location: 2F
3-2: Foul Ball, location: 9LMF
3-2: DOUBLE (Groundball, 5L, EV 104.4 MPH)
Devin Williams scores
Pinch Runner at 2nd Nick Love:
Batting: LHB Brent Griffin 0-0: Ball
1-0: Swinging Strike
1-1: DOUBLE (Flyball, 89D, EV 109.4 MPH)
Nick Love scores
Pitching: RHP Ivan Duran
Batting: LHB Nick Criswell 0-0: Ball
1-0: SINGLE (Line Drive, 8RS, EV 106.3 MPH)
Brent Griffin to third
Runner from 3rd tries for Home, SAFE, throw by CF to home
Nick Criswell to second
Batting: LHB Elijah Fairchild Balk!
Nick Criswell to third
0-0: Ball
1-0: Ball
2-0: Ball
3-0: Called Strike
3-1: Base on Balls
Batting: RHB Kevin Luzzo 0-0: Swinging Strike
0-1: Ball
1-1: Ball
2-1: Reached on error, E6 (Groundball, 6, EV 94.4 MPH)
Nick Criswell scores
Elijah Fairchild to second
Batting: RHB Amir Shaw 0-0: Ball
1-0: Ball
2-0: Grounds into double play, 5-4-3 (Groundball, 56, EV 108.8 MPH)
Bottom of the 4th over - 4 runs, 4 hits, 1 error, 1 left on base; St. Louis 4 - Chicago 8
TOP OF THE 5TH
St. Louis Cardinals batting - Pitching for Chicago Cubs : RHP Rodrigo Gonzales
Now at C: Nick Love
Batting: RHB Brodie Herian 0-0: Ball
1-0: Foul Ball, location: 2F
1-1: SINGLE (Line Drive, 9LS, EV 89.4 MPH)
Batting: RHB Jesus Guzman 0-0: Ball
1-0: Foul Ball, location: 5F
1-1: Fly out, F5 (Popup, 5, EV 75.0 MPH)
Batting: RHB Gabe Vega 0-0: Ball
1-0: Fielders Choice at 2nd, 5-4 (Groundball, 5, EV 88.1 MPH)
Batting: RHB Ryan Collier 0-0: Called Strike
0-1: Swinging Strike
0-2: Strikes out swinging
Top of the 5th over - 0 runs, 1 hit, 0 errors, 1 left on base; St. Louis 4 - Chicago 8
BOTTOM OF THE 5TH
Chicago Cubs batting - Pitching for St. Louis Cardinals : RHP Ivan Duran
Batting: RHB Jaylin Tillman 0-0: Ball
1-0: Swinging Strike
1-1: Ball
2-1: Ball
3-1: Foul Ball, location: 5FF
3-2: Base on Balls
Batting: RHB Devin Williams 0-0: Foul Ball, location: 5DF
0-1: Swinging Strike
0-2: Ball
1-2: Ball
2-2: Strikes out swinging
Batting: RHB Dave Conley 0-0: Fielders Choice at 2nd, 5-4 (Groundball, 56, EV 88.1 MPH)
Batting: RHB Nick Love 0-0: Ball
1-0: Ball
2-0: Ball
3-0: Base on Balls
Dave Conley to second
Batting: LHB Brent Griffin 0-0: TRIPLE (Line Drive, 9LD, EV 108.8 MPH)
Dave Conley scores
Nick Love scores
Pitching: LHP Edarian Anderson
Batting: LHB Nick Criswell 0-0: Ball
1-0: SINGLE (Flyball, 8LS, EV 90.0 MPH)
Brent Griffin scores
Batting: LHB Elijah Fairchild 0-0: Called Strike
0-1: Ball
1-1: Swinging Strike
1-2: Strikes out swinging
Bottom of the 5th over - 3 runs, 2 hits, 0 errors, 1 left on base; St. Louis 4 - Chicago 11
TOP OF THE 6TH
St. Louis Cardinals batting - Pitching for Chicago Cubs : RHP Rodrigo Gonzales
Batting: LHB Jose Nieto 0-0: Ground out 6-3 (Groundball, P, EV 78.1 MPH)
Batting: SHB Bryan Smolka 0-0: Ball
1-0: Ball
2-0: Swinging Strike
2-1: Called Strike
2-2: Strikes out swinging
Batting: LHB Jeremiah Ford 0-0: Ball
1-0: Swinging Strike
1-1: Called Strike
1-2: Foul Ball, location: 2F
1-2: Strikes out looking
Top of the 6th over - 0 runs, 0 hits, 0 errors, 0 left on base; St. Louis 4 - Chicago 11
BOTTOM OF THE 6TH
Chicago Cubs batting - Pitching for St. Louis Cardinals : LHP Edarian Anderson
Batting: RHB Kevin Luzzo 0-0: Ball
1-0: Foul Ball, location: 25FF
1-1: Ball
2-1: Called Strike
2-2: Strikes out swinging
Batting: RHB Amir Shaw 0-0: Ball
1-0: Ball
2-0: Ball
3-0: Called Strike
3-1: SINGLE (Line Drive, 9S, EV 88.8 MPH)
Pitching: RHP David Herman
Batting: RHB Jaylin Tillman 0-0: SINGLE (Groundball, 6MD, EV 96.9 MPH)
Amir Shaw to second
Batting: RHB Devin Williams 0-0: Ball
1-0: Called Strike
1-1: Swinging Strike
1-2: Strikes out swinging
Batting: RHB Dave Conley 0-0: Ball
1-0: Called Strike
1-1: Fielders Choice at 2nd, 5-4 (Groundball, 56, EV 84.4 MPH)
Bottom of the 6th over - 0 runs, 2 hits, 0 errors, 2 left on base; St. Louis 4 - Chicago 11
TOP OF THE 7TH
St. Louis Cardinals batting - Pitching for Chicago Cubs : RHP Rodrigo Gonzales
Batting: LHB Brandon Corter 0-0: Called Strike
0-1: Ball
1-1: Ball
2-1: Swinging Strike
2-2: Fly out, F9 (Line Drive, 9, EV 106.3 MPH)
Batting: LHB Brett Rinehart 0-0: Called Strike
0-1: Fly out, F9 (Flyball, 89S, EV 85.6 MPH)
Batting: RHB Brodie Herian 0-0: Called Strike
0-1: Fly out, F8 (Line Drive, 78M, EV 93.8 MPH)
Top of the 7th over - 0 runs, 0 hits, 0 errors, 0 left on base; St. Louis 4 - Chicago 11
BOTTOM OF THE 7TH
Chicago Cubs batting - Pitching for St. Louis Cardinals : RHP David Herman
Batting: RHB Nick Love 0-0: Ball
1-0: Foul Ball, location: 2F
1-1: Foul Ball, location: 2F
1-2: Ball
2-2: Foul Ball, location: 2F
2-2: Foul Ball, location: 2F
2-2: Strikes out swinging
Batting: LHB Brent Griffin 0-0: Ball
1-0: Ball
2-0: Ball
3-0: Called Strike
3-1: Ground out 4-3 (Groundball, 34D, EV 101.3 MPH)
Batting: LHB Nick Criswell 0-0: Called Strike
0-1: Ball
1-1: Ball
2-1: Foul Ball, location: 3F
2-2: Strikes out swinging
Bottom of the 7th over - 0 runs, 0 hits, 0 errors, 0 left on base; St. Louis 4 - Chicago 11
TOP OF THE 8TH
St. Louis Cardinals batting - Pitching for Chicago Cubs : RHP Rodrigo Gonzales
Pitching: RHP Bobby Long
Batting: RHB Jesus Guzman 0-0: Called Strike
0-1: Ball
1-1: Called Strike
1-2: Ground out 5-3 (Groundball, 56, EV 107.5 MPH)
Batting: RHB Gabe Vega 0-0: Swinging Strike
0-1: Ball
1-1: SINGLE (Line Drive, 34, EV 107.5 MPH)
Batting: RHB Ryan Collier 0-0: Ball
1-0: Ball
2-0: Called Strike
2-1: Called Strike
2-2: Ball
3-2: Strikes out swinging
Batting: LHB Jose Nieto 0-0: DOUBLE (Flyball, 8LXD, EV 110.6 MPH)
Gabe Vega to third
Batting: SHB Bryan Smolka 0-0: Called Strike
0-1: Ball
1-1: Ball
2-1: Ball
3-1: Base on Balls
Pitching: LHP Tim Linden
Pinch Hitting: RHB Jeff Saxton 0-0: Ball
1-0: Ball
2-0: Ball
3-0: Called Strike
3-1: Base on Balls
Gabe Vega scores
Jose Nieto to third
Bryan Smolka to second
Pinch Hitting: RHB Jayden Whaley 0-0: Ball
1-0: Called Strike
1-1: Swinging Strike
1-2: GRAND SLAM HOME RUN (Flyball, 7D, EV 97.5 MPH), Distance : 388 ft
Pinch Hitting: RHB David Martinez 0-0: Ball
1-0: Called Strike
1-1: Foul Ball, location: 2F
1-2: Ball
2-2: Strikes out swinging, 2-3 out at first.
Top of the 8th over - 5 runs, 3 hits, 0 errors, 0 left on base; St. Louis 9 - Chicago 11
BOTTOM OF THE 8TH
Chicago Cubs batting - Pitching for St. Louis Cardinals : RHP David Herman
Now at 2B: Jayden Whaley
Now in LF: Jeff Saxton
Now in CF: David Martinez
Batting: LHB Elijah Fairchild 0-0: Called Strike
0-1: Called Strike
0-2: Ball
1-2: Ball
2-2: Ball
3-2: Foul Ball, location: 2F
3-2: Base on Balls
Batting: RHB Kevin Luzzo 0-0: Ball
1-0: Foul Ball, location: 3DF
1-1: Swinging Strike
1-2: SINGLE (Flyball, 5D, EV 89.4 MPH)
Elijah Fairchild to second
Pitching: RHP Jaden McCullough
Batting: RHB Amir Shaw 0-0: Ball
1-0: Ball
2-0: Called Strike
2-1: Ball
3-1: Base on Balls
Elijah Fairchild to third
Kevin Luzzo to second
Batting: RHB Jaylin Tillman 0-0: Ball
1-0: Foul Ball, location: 2F
1-1: Ball
2-1: SINGLE (Groundball, 4MD, EV 101.3 MPH)
Elijah Fairchild scores
Kevin Luzzo to third
Amir Shaw to second
Runner from 3rd tries for Home, SAFE, throw by CF to home
Batting: RHB Devin Williams 0-0: Fly out, F7 (Flyball, 7D, EV 102.5 MPH)
Runner from 2nd tags up, SAFE at 3rd, no throw by LF
Batting: RHB Dave Conley 0-0: Ball
1-0: Ball
Wild Pitch!
Amir Shaw scores
Jaylin Tillman to second
2-0: Called Strike
2-1: Swinging Strike
2-2: Strikes out looking
Batting: RHB Nick Love 0-0: Ball
1-0: Ball
2-0: Fly out, F7 (Flyball, 7D, EV 106.3 MPH)
Bottom of the 8th over - 3 runs, 2 hits, 0 errors, 1 left on base; St. Louis 9 - Chicago 14
TOP OF THE 9TH
St. Louis Cardinals batting - Pitching for Chicago Cubs : LHP Tim Linden
Batting: RHB Brodie Herian 0-0: Ball
1-0: SINGLE (Groundball, 4D, EV 101.3 MPH)
Batting: RHB Jesus Guzman 0-0: Called Strike
0-1: Ball
1-1: Ball
2-1: Ball
3-1: Foul Ball, location: 5F
3-2: Strikes out swinging
Batting: RHB Gabe Vega 0-0: Ball
1-0: Called Strike
1-1: Ball
2-1: Ball
3-1: Base on Balls
Brodie Herian to second
Batting: RHB Ryan Collier 0-0: Grounds into double play, 5-4-3 (Groundball, 56S, EV 85.6 MPH)
Top of the 9th over - 0 runs, 1 hit, 0 errors, 1 left on base; St. Louis 9 - Chicago 14
Friday, April 12th , 2024 - OOTP Baseball 24.11 Build 85